 Dungeon Crawl Stone Soup version 0.24.0-13-gcf9b319 (webtiles) character file.

Game seed: 1033909036015066311, levelgen mode: deterministic

409 Fang the Skirmisher (level 6, -3/40 HPs)
             Began as a Gargoyle Berserker on Dec 9, 2019.
             Was a Believer of Trog.
             Killed from afar by Dowan (18 damage)
             ... with a stone arrow
             ... on level 4 of the Dungeon.
             The game lasted 00:02:18 (3407 turns).

Fang the Skirmisher (Gargoyle Berserker)            Turns: 3407, Time: 00:02:19

Health: -3/40      AC:  6    Str: 23    XL:     6   Next: 89%
Magic:  6/6        EV: 13    Int:  7    God:    Trog [**....]
Gold:   210        SH:  0    Dex:  9    Spells: 5/5 levels left

rFire    . . .     SeeInvis .   a - +0 hand axe
rCold    . . .     Gourm    .   (no shield)
rNeg     + . .     Faith    .   b - +0 animal skin
rPois    ∞         Spirit   .   (no helmet)
rElec    +         Reflect  .   (no cloak)
rCorr    .         Harm     .   (no gloves)
MR       .....                  (no boots)
Stlth    +.........             (no amulet)
HPRegen  0.13/turn              (no ring)
MPRegen  0.10/turn              (no ring)

@: no status effects
A: negative energy resistance 1, electricity resistance, unbreathing,
petrification resistance, rot immunity, AC +4
a: Berserk, Trog's Hand, Renounce Religion


You were on level 4 of the Dungeon.
You worshipped Trog.
Trog was pleased with you.
You were not hungry.

You visited 1 branch of the dungeon, and saw 4 of its levels.

You collected 210 gold pieces.

Inventory:

Hand Weapons
 a - a +0 hand axe (weapon)
Armour
 b - a +0 animal skin (worn)
Wands
 k - a wand of enslavement (11)
 u - a wand of acid (8)
Scrolls
 e - a scroll of blinking {unknown}
 f - 8 scrolls of identify {unknown}
 g - 3 scrolls of teleportation {unknown}
 i - a scroll of amnesia {unknown}
 m - a scroll of magic mapping {unknown}
 p - a scroll of fear {unknown}
 q - a scroll of immolation {unknown}
 r - a scroll of remove curse {unknown}
 s - a scroll of enchant weapon {unknown}
 t - a scroll of noise {unknown}
Potions
 d - 2 potions of degeneration {unknown}
 h - a potion of haste {unknown}
 j - a potion of curing
 n - 2 potions of brilliance {unknown}
 o - a potion of might {unknown}
Comestibles
 c - 7 rations


   Skills:
 + Level 5.0 Fighting
 + Level 4.1 Axes
 + Level 4.2 Armour
 + Level 3.1 Dodging


You had 5 spell levels left.
You didn't know any spells.
Your spell library was empty.

Dungeon Overview and Level Annotations

Branches:
Dungeon (4/15)
 Temple: D:4-7

Altars:
Cheibriados
Fedhas
Qazlal
Vehumet

Annotations:
D:4 Dowan


Innate Abilities, Weirdness & Mutations

You are resistant to torment.
Your stone body is resilient. (AC +4)
You are immune to poison.
You resist negative energy. (rN+)
You are resistant to electric shocks. (rElec)
You can survive without breathing.
You are immune to petrification.
You are immune to rotting.


Message History

You hit Dowan but do no damage.
Dowan is moderately wounded.
Dowan barely misses you.
You closely miss Dowan.
Dowan is moderately wounded.
Dowan hits you with a +2 dagger of protection.
You hit Dowan.
Dowan is heavily wounded.
Dowan barely misses you.
You hit Dowan.
Dowan is severely wounded.
Dowan hits you with a +2 dagger of protection.
You hit Dowan.
Dowan is almost dead.
Dowan hits you but does no damage.
You hit Dowan but do no damage.
Dowan is almost dead.
Dowan points at you and mumbles some strange words.
The stone arrow hits you!!
You die...

# #.#.##.........##
#.##...!..........#
..................#
.................#
##.............#
#.............#
+.......#######
#####.......#
#..@e.......#
#.###.#'##### #.
#.#.# #. ....# ##
##.### #.# ..# ##


You could see Dowan.

Vanquished Creatures
  Duvessa (D:4)
  A phantom (D:4)
  A hound (D:4)
  A worker ant (D:4)
  8 adders
  4 worms
  4 dart slugs
  2 leopard geckos
  An orc (D:3)
  A giant cockroach (D:3)
  4 goblins
  5 hobgoblins
  6 jackals
  9 kobolds
  A quokka (D:2)
  A ball python (D:3)
  7 bats
  7 frilled lizards
  A leopard gecko skeleton (D:4)
  A quokka skeleton (D:4)
  6 rats
72 creatures vanquished.

Notes
Turn   | Place    | Note
-------+----------+-------------------------------------------
     0 | D:1      | Fang the Gargoyle Berserker began the quest for the Orb.
     0 | D:1      | Reached XP level 1. HP: 14/14 MP: 1/1
    54 | D:1      | Reached XP level 2. HP: 13/19 MP: 2/2
   383 | D:1      | Reached XP level 3. HP: 23/23 MP: 3/3
   812 | D:2      | Found a stormy altar of Qazlal.
  1103 | D:2      | Reached XP level 4. HP: 19/29 MP: 4/4
  1160 | D:2      | Reached skill level 4 in Fighting
  1594 | D:2      | Found a blossoming altar of Fedhas.
  1595 | D:2      | Found a radiant altar of Vehumet.
  1967 | D:3      | Reached ** piety under Trog
  2106 | D:3      | Reached XP level 5. HP: 31/33 MP: 5/5
  2406 | D:3      | Found a snail-covered altar of Cheibriados.
  3253 | D:4      | Noticed a phantom
  3296 | D:4      | Killed a phantom
  3296 | D:4      | Reached XP level 6. HP: 20/39 MP: 6/6
  3350 | D:4      | Noticed Duvessa
  3368 | D:4      | Killed Duvessa
  3368 | D:4      | Reached skill level 5 in Fighting
  3374 | D:4      | Noticed Dowan
  3407 | D:4      | Killed from afar by Dowan

Levels and vault maps discovered:
D:1:      giann_forest_graveyard, layout_basic
D:2:      layout_basic, gammafunk_temple_overflow_pools, old_standard_altar
D:3:      layout_basic, kennysheep_slug_shrine
D:4:      layout_basic, lemuel_doored_altar, kennysheep_okawaru_gauntlet,
          uniq_duvessa

Skill      XL: |  1  2  3  4  5  6 |
---------------+-------------------+-----
Axes           | 3 4 |  4.1
Dodging        | 2 3 |  3.1
Fighting       | 4 5 |  5.0
Armour         | 3 4 |  4.2

Action                   |  1- 3 |  4- 6 || total
-------------------------+-------+-------++-------
Melee: Hand axe          |   109 |   216 ||   325
Invok: Berserk           |     1 |     3 ||     4
       Trog's Hand       |       |     2 ||     2
  Eat: Chunk             |     2 |     7 ||     9
       Ration            |       |     1 ||     1
Armor: Animal skin       |    56 |    74 ||   130
Dodge: Dodged            |    80 |   142 ||   222
